 Dungeon Crawl Stone Soup version 0.31-a0-188-g5e087ee2ca (webtiles) character file.

Game seed: 15368068452307427741

25 qw the Shooter (level 2, 0/16 HPs)
             Began as a Deep Elf Hunter on June 23, 2023.
             Succumbed to their own poison gas
             ... on level 1 of the Dungeon.
             The game lasted 00:00:15 (737 turns).

qw the Shooter (Deep Elf Hunter)                     Turns: 737, Time: 00:00:15

Health: 0/16       AC:  7    Str:  8    XL:     2   Next: 82%
Magic:  4/4        EV: 12    Int: 13    God:
Gold:   0          SH:  0    Dex: 18    Spells: 1/1 levels left

rFire   . . .        Y - +0 shortbow
rCold   . . .        (shield currently unavailable)
rNeg    . . .        c - +0 leather armour
rPois   .            (helmet restricted)
rElec   .            (no cloak)
rCorr   .            (no gloves)
SInv    .            (no boots)
Will    .....        h - amulet of faith
Stlth   ++           e - +4 ring of protection
HPRegen 0.22/turn    (no ring)
MPRegen 0.09/turn

%: faith
@: lethally poisoned (0 -> -9), weak-willed
A: antennae 1
a: no special abilities


You were on level 1 of the Dungeon.
You visited 1 branch of the dungeon, and saw 1 of its levels.


Innate Abilities, Weirdness & Mutations

You have a pair of small antennae on your head.


   Skills:
 - Level 1.5 Fighting
 + Level 6.5 Ranged Weapons
 - Level 2.4 Dodging
 - Level 1.2 Stealth


You had one spell level left.
You didn't know any spells.
Your spell library was empty.

Inventory:

Hand Weapons
 Y - a +0 shortbow (weapon)
Armour
 c - a +0 leather armour (worn)
Jewellery
 e - a +4 ring of protection (left hand)
 h - an amulet of faith (around neck)
Potions
 d - a potion of brilliance {unknown}
 i - a potion of mutation

Dungeon Overview and Level Annotations

Branches:
Dungeon (1/15)

Altars:


Message History

The air fills with toxic fumes!
As you read the scroll labelled LYONKEANAU, it crumbles to dust.
It was a scroll of poison.
Done exploring.
730 ||| DRINKING 2 bubbling cyan potions.
It was a potion of mutation.
You feel extremely strange.
You feel weaker. A pair of antennae grows on your head!
You feel stronger.
Done exploring.
731 ||| DROPPING scroll of vulnerability.
You drop a scroll of vulnerability.
Done exploring.
732 ||| DROPPING scroll of butterflies.
You drop a scroll of butterflies.
Done exploring.
(D) Dungeon
Where to? (* - list waypoints, ? - help)
What level of the Dungeon? (default 1, ? - help) Sorry, I don't know how to get there.
Enter note:
Enter note:
Enter note:
Enter note:
Enter note:
Enter note:
Enter note:
Enter note:
Enter note: Really walk into that cloud of poison gas?
You are engulfed in poison gas.
You are lethally poisoned!
You feel very sick.
734 ||| Stepping ~*~*~tactically~*~*~ (cloud).
You feel very sick.
Things that are here:
a scroll of butterflies; a scroll of vulnerability
There is a lethal amount of poison in your body!
You feel very sick.
There is a lethal amount of poison in your body!
You feel sick.
There is a lethal amount of poison in your body!
You die...

###.# #.# #.#
....### #¤#
#########.#
......# #¤#
#.........#
#####.# #¤#
#.######### #.#
#0# ##.##########
#.#
#0####0¤¤.........
#.#
#0000¤¤¤##########
##.# #0¤000¤¤#
#..# #@#######
####.## #¤#
..##.## #0#
#.#%..## #¤#
#......## #0#
#.......########0#
#......|.......0¤#
#.......##########
##.....##


There were no monsters in sight!

Vanquished Creatures
  2 ball pythons (D:1)
  4 bats (D:1)
  An endoplasm (D:1)
  A giant cockroach (D:1)
  2 goblins (D:1)
  2 hobgoblins (D:1)
  3 jackals (D:1)
  A quokka (D:1)
  2 kobolds (D:1)
  3 rats (D:1)
21 creatures vanquished.

Notes
Turn   | Place    | Note
-------+----------+-------------------------------------------
     0 | D:1      | qw the Deep Elf Hunter began the quest for the Orb.
     0 | D:1      | Reached XP level 1. HP: 12/12 MP: 3/3
     0 | D:1      | 0 ||| qw: Version: 0.3-a-9-g12657ce
     0 | D:1      | 0 ||| qw: Game counter: 3079
     0 | D:1      | 0 ||| qw: Always use a shield: true
     0 | D:1      | 0 ||| qw: God list: Okawaru
     0 | D:1      | 0 ||| qw: Allow faded altars: false
     0 | D:1      | 0 ||| qw: Do Orc after D:15 true
     0 | D:1      | 0 ||| qw: Do second Lair branch before Depths: true
     0 | D:1      | 0 ||| qw: Lair rune preference: random
     0 | D:1      | 0 ||| qw: Plans: Normal
     0 | D:1      | 0 ||| PLANNING D:1-11
   185 | D:1      | Found a faded altar of an unknown god.
   218 | D:1      | Reached XP level 2. HP: 16/16 MP: 4/4
   244 | D:1      | Reached skill level 6 in Ranged Weapons
   722 | D:1      | 722 ||| UPGRADING to amulet of faith.
   727 | D:1      | 727 ||| UPGRADING to +4 ring of protection.
   728 | D:1      | 728 ||| READING 2 scrolls labelled GIUDDAU QISHRENG.
   729 | D:1      | 729 ||| READING scroll labelled LYONKEANAU.
   730 | D:1      | 730 ||| DRINKING 2 bubbling cyan potions.
   730 | D:1      | Gained mutation: You are weak. (Str -2) [potion of
                  | mutation]
   730 | D:1      | Gained mutation: You have a pair of small antennae on your
                  | head. [potion of mutation]
   730 | D:1      | Lost mutation: You are weak. (Str -2) [potion of mutation]
   731 | D:1      | 731 ||| DROPPING scroll of vulnerability.
   732 | D:1      | 732 ||| DROPPING scroll of butterflies.
   734 | D:1      | 734 ||| Stepping ~*~*~tactically~*~*~ (cloud).
   735 | D:1      | HP: 3/16 [poisoned by you (poison gas)]
   736 | D:1      | HP: 1/16 [poisoned by you (poison gas)]
   737 | D:1      | Succumbed to their own poison gas

Levels and vault maps discovered:
D:1:      lightli_arrival_boilingwater, layout_loops_ring,
          shapermc_ecumenical_altar_venn, hangedman_decor_opposing

Skill      XL: |  1  2 |
---------------+-------+-----
Ranged Weapons | 6 |  6.5
Fighting       | |  1.5
Dodging        | |  2.4
Stealth        | |  1.2

Action                     || total
---------------------------++-------
   Fire: Shortbow          ||    53
    Use: Scroll            ||     2
         Potion            ||     1
 Armour: Leather armour    ||     7
  Dodge: Dodged            ||    15

Table legend:
 A = Non-vault XP
 B = Vault XP
 C = Vault XP percentage of total XP
 D = Non-vault monster count
 E = Vault monster count
 F = Vault count percentage of total count
                 A         B        C        D         E       F
            +---------+---------+-------+---------+---------+-------
      Total |      36 |       0 |   0.0 |      21 |       0 |   0.0
            +---------+---------+-------+---------+---------+-------
        D:1 |      36 |       0 |   0.0 |      21 |       0 |   0.0
            +---------+---------+-------+---------+---------+-------
